 Dungeon Crawl Stone Soup version 0.20.0-6-gd3061e9 (webtiles) character file.

5898 Iflex the Spear-Bearer (level 10, -5/88 HPs)
             Began as a Hill Orc Fighter on May 28, 2017.
             Was a Follower of Beogh.
             Slain by a komodo dragon (25 damage)
             ... on level 9 of the Dungeon.
             The game lasted 00:26:28 (9003 turns).

Iflex the Spear-Bearer (Hill Orc Fighter)           Turns: 9003, Time: 00:26:29

Health: -5/88      AC: 11    Str: 26    XL:     10   Next: 82%
Magic:  10/10      EV: 10    Int:  8    God:    Beogh [*.....]
Gold:   417        SH: 11    Dex: 10    Spells: 9/9 levels left

rFire    + + .     SeeInvis .   v - +2 trident (vamp)
rCold    . . .     Gourm    +   c - +0 shield
rNeg     + . .     Faith    .   b - +1 scale mail
rPois    .         Spirit   .   (no helmet)
rElec    .         Reflect  .   w - +0 cloak (curse)
rCorr    .         Harm     .   s - +0 pair of gloves
MR       .....                  (no boots)
Stlth    ..........             q - amulet of the gourmand
Regen    0.3/turn               Q - ring of positive energy
MPRegen  0.2/turn               G - +3 ring of strength

@: no status effects
A: fire resistance 2, sense surroundings 1
a: Renounce Religion


You were on level 9 of the Dungeon.
You worshipped Beogh.
Beogh was aware of your devotion.
You were not hungry.

You visited 2 branches of the dungeon, and saw 10 of its levels.

You collected 627 gold pieces.
You spent 210 gold pieces at shops.

Inventory:

Hand Weapons
 a - a +0 trident
 v - a +2 vampiric trident (weapon)
Missiles
 e - a throwing net
 O - 3 javelins (quivered)
Armour
 b - a +1 scale mail (worn)
 c - a +0 shield (worn)
 s - a +0 pair of gloves (worn)
 w - a cursed +0 cloak (worn)
 F - a +0 large shield
Jewellery
 o - an uncursed ring of protection from fire
 q - an amulet of the gourmand (around neck)
 G - a +3 ring of strength (right hand)
 J - an uncursed ring of see invisible
 Q - a ring of positive energy (left hand)
Wands
 u - a wand of disintegration (19/24)
 A - a wand of enslavement (19/24)
 B - a wand of confusion (44/48)
 D - a wand of digging (13/24)
 E - a wand of digging (5/24)
Scrolls
 g - 6 scrolls of remove curse
 j - 3 scrolls of teleportation
 k - a scroll of blinking
 r - 5 scrolls of enchant armour
 y - 3 scrolls of identify
 H - 2 scrolls of recharging
Potions
 d - 4 potions of might
 h - 2 potions of brilliance
 i - 5 potions of curing
 l - 6 potions of degeneration
 n - 2 potions of haste
 x - 4 potions of cancellation
 z - 2 potions of agility
 I - 2 potions of berserk rage
 P - a potion of invisibility
Books
 N - a Young Poisoner's Handbook

   Spells                             Type                      Level
   a - Sting                          Conjuration/Poison           1
   b - Poisonous Vapours              Poison/Air                   2
   c - Mephitic Cloud                 Conjuration/Poison/Air       3
   d - Olgreb's Toxic Radiance        Poison                       4
   e - Venom Bolt                     Conjuration/Poison           5
Comestibles
 f - 7 bread rations
 m - 5 fruits
 p - 3 royal jellies
 C - 5 meat rations


   Skills:
 + Level 7.9 Fighting
 + Level 10.8 Polearms
 + Level 8.1 Armour
 + Level 3.9 Dodging
 + Level 1.2 Stealth
 + Level 8.4 Shields


You had 9 spell levels left.
You didn't know any spells.

Dungeon Overview and Level Annotations

Branches:
Dungeon (9/15)             Temple (0/1) D:4            Lair (0/6) D:9
    Orc (1/2) D:9

Altars:
Cheibriados
Gozag
Nemelex Xobeh
Ru
Sif Muna
Trog
Uskayaw
Xom
The Shining One

Shops:
D:4 *   D:7 =


Innate Abilities, Weirdness & Mutations

Your flesh is very heat resistant. (rF++)
You passively map a small area around you.


Message History

You are too injured to fight recklessly!
You are too injured to fight recklessly!
You are too injured to fight recklessly!
You are too injured to fight recklessly!
You hit the komodo dragon.
The komodo dragon is heavily wounded.
You block the komodo dragon's attack.
You barely miss the komodo dragon.
The komodo dragon is heavily wounded.
The komodo dragon closely misses you.
You hit the komodo dragon but do no damage.
The komodo dragon is heavily wounded.
You hit the komodo dragon.
You feel better.
The komodo dragon is severely wounded.
The komodo dragon bites you!
* * * LOW HITPOINT WARNING * * *
Your scale mail prevents you from hitting the komodo dragon.
The komodo dragon is severely wounded.
The komodo dragon bites you!!
You die...

#......# , , #......##
########### ,
#.......#.##PPPPPPPPP## *
........#.#PP...PPPPPP#.
#.......#.#PP.>..PPPP...,
#.......#.#PPP..PPP..... ,
#.......#.#PPPPP........,
#.......#.#PP.PPl.....#. *
#...###'#.##.PP.@P...## *
....#.....####.....### ,
....##.........(.......,
.....#...............?.. *
, .....#############......
, .................######.
, ......................# ,
,,
......................#####
, ##
...#####..................#
* ...


You could see a komodo dragon.

Vanquished Creatures
  2 two-headed ogres
  Pikel (D:6)
  Joseph (D:8)
  Prince Ribbit (D:6)
  Sigmund (D:6)
  A hungry ghost (D:9)
  A warg (D:9)
  A water moccasin (D:8)
  4 orc warriors
  A swamp drake (D:9)
  A sky beast (D:8)
  4 black bears
  A phantom (D:8)
  A centaur (D:5)
  5 ogres
  4 bullfrogs
  A scorpion (D:4)
  2 crimson imps
  A quasit (D:7)
  A jelly (D:6)
  11 hounds
  A gnoll shaman (D:5)
  4 orc priests
  6 orc wizards
  5 iguanas
  4 worker ants
  A killer bee zombie (D:6)
  A howler monkey zombie (D:7)
  2 worker ant zombies (D:6)
  8 gnolls
  12 adders
  2 shadow imps (D:6)
  An ooze (D:4)
  2 worms
  A dart slug (D:6)
  8 leopard geckos
  25 orcs
  4 giant cockroaches
  6 goblins
  6 hobgoblins
  6 jackals
  A quokka (D:4)
  2 ball pythons (D:1)
  2 frilled lizards (D:4)
  6 kobolds
  3 leopard gecko skeletons
  3 rats
  A plant (D:9)
169 creatures vanquished.

Vanquished Creatures (others)
  2 slaves (D:6)
  An orc priest (D:9)
  2 orcs (D:9)
5 creatures vanquished.

Grand Total: 174 creatures vanquished

Notes
Turn   | Place    | Note
-------+----------+-------------------------------------------
     0 | D:1      | Iflex the Hill Orc Fighter began the quest for the Orb.
     0 | D:1      | Reached XP level 1. HP: 19/19 MP: 1/1
   123 | D:1      | Reached XP level 2. HP: 26/27 MP: 2/2
   440 | D:2      | Reached XP level 3. HP: 27/33 MP: 3/3
   581 | D:2      | Found a sacrificial altar of Ru.
   615 | D:2      | Found a hide-covered altar of Uskayaw.
   619 | D:2      | Found a deep blue altar of Sif Muna.
  1205 | D:3      | Reached skill level 3 in Polearms
  1336 | D:3      | Reached XP level 4. HP: 27/40 MP: 4/4
  1729 | D:3      | Gained mutation: Your spells are a little harder to cast, but a little more powerful. [potion of mutation]
  1729 | D:3      | Gained mutation: You tend to lose your temper in combat. [potion of mutation]
  1729 | D:3      | Gained mutation: You are agile. (Dex +2) [potion of mutation]
  1729 | D:3      | Gained mutation: You are surrounded by a mild repulsion field. (EV +2) [potion of mutation]
  2140 | D:4      | Noticed an ogre
  2156 | D:4      | Killed an ogre
  2156 | D:4      | Reached skill level 4 in Polearms
  2156 | D:4      | Reached XP level 5. HP: 34/47 MP: 5/5
  2419 | D:4      | You fall through a shaft for 3 floors!
  2423 | D:7      | Reached XP level 6. HP: 53/53 MP: 6/6
  2473 | D:7      | Reached skill level 5 in Polearms
  2569 | D:7      | Reached skill level 1 in Dodging
  2569 | D:7      | Reached XP level 7. HP: 27/60 MP: 7/7
  2726 | D:6      | Reached skill level 5 in Fighting
  2726 | D:6      | Reached skill level 5 in Armour
  2738 | D:6      | Found a bloodstained altar of Trog.
  2740 | D:6      | Noticed Sigmund
  2764 | D:6      | Found a sparkling altar of Nemelex Xobeh.
  2764 | D:6      | Found a shimmering altar of Xom.
  2764 | D:6      | Found a glowing golden altar of the Shining One.
  2956 | D:6      | Reached skill level 6 in Polearms
  3044 | D:6      | Killed Sigmund
  3044 | D:6      | Reached skill level 5 in Shields
  3044 | D:6      | Reached XP level 8. HP: 69/69 MP: 8/8
  3181 | D:6      | Found a snail-covered altar of Cheibriados.
  3378 | D:6      | Noticed Prince Ribbit
  3628 | D:6      | Noticed Pikel
  3648 | D:6      | Killed Pikel
  3648 | D:6      | Reached skill level 7 in Polearms
  4089 | D:6      | Killed Prince Ribbit
  4089 | D:6      | Reached skill level 8 in Polearms
  4089 | D:6      | Reached XP level 9. HP: 62/75 MP: 9/9
  4340 | D:5      | Entered Level 5 of the Dungeon
  4663 | D:5      | Found an opulent altar of Gozag.
  5268 | D:4      | Found Okejav's Assorted Antiques.
  5271 | D:4      | Bought a scroll of enchant armour for 210 gold pieces
  5314 | D:4      | Found a staircase to the Ecumenical Temple.
  5803 | D:6      | Reached skill level 1 in Stealth
  5875 | D:6      | Became a worshipper of Beogh the Brigand
  6103 | D:7      | Found Cobbuno's Jewellery Emporium.
  6244 | D:8      | Reached skill level 9 in Polearms
  6434 | D:8      | Noticed Joseph
  6456 | D:8      | Killed Joseph
  6643 | D:8      | Noticed a two-headed ogre
  6656 | D:8      | Killed a two-headed ogre
  6656 | D:8      | Reached skill level 10 in Polearms
  6656 | D:8      | Reached XP level 10. HP: 50/86 MP: 10/10
  7465 | D:9      | Lost mutation: Your spells are a little harder to cast, but a little more powerful. [potion of mutation]
  7465 | D:9      | Lost mutation: You tend to lose your temper in combat. [potion of mutation]
  7465 | D:9      | Lost mutation: You are agile. (Dex +2) [potion of mutation]
  7465 | D:9      | Lost mutation: You are surrounded by a mild repulsion field. (EV +2) [potion of mutation]
  7465 | D:9      | Gained mutation: You passively map a small area around you. [potion of mutation]
  7465 | D:9      | Gained mutation: Your flesh is heat resistant. (rF+) [potion of mutation]
  7465 | D:9      | Gained mutation: Your flesh is very heat resistant. (rF++) [potion of mutation]
  7530 | D:9      | Reached * piety under Beogh
  7757 | D:9      | Found a staircase to the Orcish Mines.
  7870 | Orc:1    | Entered Level 1 of the Orcish Mines
  8253 | Orc:1    | Found a bloodstained altar of Trog.
  8404 | Orc:1    | Noticed an orc warlord
  8791 | D:9      | Noticed a two-headed ogre
  8801 | D:9      | Killed a two-headed ogre
  8966 | D:9      | Found a staircase to the Lair.
  9003 | D:9      | Slain by a komodo dragon

Skill      XL: |  1  2  3  4  5  6  7  8  9 10 |
---------------+-------------------------------+-----
Fighting       | 4 5 6 7 |  7.9
Polearms       | 3 4 5 6 8 10 | 10.8
Armour         | 4 5 6 7 8 |  8.1
Shields        | 4 5 6 7 8 |  8.4
Dodging        | 1 2 3 |  3.9
Stealth        | 1 |  1.2

Action                   |  1- 3 |  4- 6 |  7- 9 | 10-12 || total
-------------------------+-------+-------+-------+-------++-------
Melee: Trident           |   138 |   132 |   420 |   249 ||   939
Invok: Convert to Beogh  |       |       |     1 |       ||     1
  Use: Potion            |     1 |     2 |     1 |     3 ||     7
       Scroll            |       |     6 |    16 |     1 ||    23
  Eat: Bread ration      |     1 |       |       |     1 ||     2
       Chunk             |       |    13 |    16 |     2 ||    31
Armor: Scale mail        |    63 |    72 |   121 |    62 ||   318
Dodge: Dodged            |    38 |    67 |   181 |    78 ||   364
Block: Shield            |    60 |    96 |   226 |   116 ||   498
